 Dungeon Crawl Stone Soup version 0.31-a0-889-g1a8549509d (webtiles) character file.

Game seed: 17839314368187659193

69365 Flugkiller the Cruncher (level 14, -7/126 HPs)
             Began as a Demigod Artificer on Oct 16, 2023.
             Mangled by a tengu warrior
             ... wielding a +1 heavy great sword
              (27 damage)
             ... while paralysed by an ogre mage
             ... on level 15 of the Dungeon.
             The game lasted 00:45:41 (20958 turns).

Flugkiller the Cruncher (Demigod Artificer)        Turns: 20958, Time: 00:45:42

Health: -7/126     AC: 23    Str: 17    XL:     14   Next: 49%
Magic:  19/19      EV:  2    Int: 17    God:
Gold:   1795       SH:  0    Dex: 22    Spells: 12/15 levels left

rFire   . . .        f - +5 lajatang (speed)
rCold   . . .        (shield currently unavailable)
rNeg    . . .        L - +0 steam dragon scales
rPois   .            b - +2 helmet
rElec   .            p - +2 cloak {rCorr}
rCorr   +            (no gloves)
SInv    .            x - +2 pair of boots {Fly}
Will    +....        I - amulet of Vitality {RegenMP++ Regen++}
Stlth   ++           k - +4 ring of protection
HPRegen 2.01/turn    K - +4 ring of protection
MPRegen 0.96/turn

%: no passive effects
@: paralysed, flying
A: high MP 1, forlorn, divine attributes
a: no special abilities


You were on level 15 of the Dungeon.
You visited 2 branches of the dungeon, and saw 20 of its levels.
You also visited: Gauntlet.

You collected 2068 gold pieces.
You spent 273 gold pieces at shops.

Inventory:

Hand Weapons
 f - a +5 lajatang of speed (weapon)
   (You found it on level 10 of the Dungeon)
 U - a +7 spear of freezing
   (You took it off a wight on level 9 of the Dungeon)
Missiles
 G - 5 throwing nets
Armour
 b - a +2 helmet (worn)
   (You bought it in a shop on level 5 of the Dungeon)
 p - a +2 cloak of preservation (worn)
   (You bought it in a shop on level 12 of the Dungeon)
 x - a +2 pair of boots of flying (worn)
   (You found it on level 4 of the Dungeon)
 L - +0 steam dragon scales (worn)
   (You found it on level 8 of the Dungeon)
 T - a +0 troll leather armour
   (You found it on level 11 of the Dungeon)
Jewellery
 c - a ring of protection from cold
   (You found it on level 12 of the Dungeon)
 i - a ring of see invisible
   (You found it on level 7 of the Dungeon)
 k - a +4 ring of protection (left hand)
   (You found it on level 1 of the Lair of Beasts)
 o - a ring of poison resistance
   (You found it on level 2 of the Lair of Beasts)
 H - the ring "Myngiv" {rF+ rN+}
   (You found it in a Gauntlet)

   [ring of positive energy]

   rF+:       It protects you from fire.
   rN+:       It protects you from negative energy.
 I - the amulet of Vitality (around neck) {RegenMP++ Regen++}
   (You found it in a Gauntlet)

   [amulet of magic regeneration]

   RegenMP:   It increases your rate of magic regeneration.
   Regen++:   It increases your rate of health regeneration.
 K - a +4 ring of protection (right hand)
   (You found it on level 8 of the Dungeon)
 P - a +6 ring of strength
   (You found it on level 9 of the Dungeon)
Wands
 e - a wand of iceblast (22)
 y - a wand of acid (5)
   (You found it on level 11 of the Dungeon)
 B - a wand of charming (21)
 N - a wand of polymorph (9)
   (You found it on level 8 of the Dungeon)
 Q - a wand of mindburst (16)
   (You found it on level 9 of the Dungeon)
 R - a wand of flame (30) (quivered)
Scrolls
 j - 3 scrolls of vulnerability
 m - 7 scrolls of immolation
 t - 4 scrolls of teleportation
 v - 2 scrolls of silence
 z - 2 scrolls of blinking
 C - 3 scrolls of torment
 D - 3 scrolls of fog
 E - 2 scrolls of poison
 F - a scroll of revelation
 V - a scroll of enchant armour
 Y - a scroll of summoning
Potions
 a - 2 potions of magic
 d - 3 potions of might
 g - 5 potions of enlightenment
 h - a potion of haste
 n - 3 potions of resistance
 q - 13 potions of curing
 s - a potion of invisibility {unknown}
 u - a potion of attraction
 w - 3 potions of heal wounds
 A - 3 potions of ambrosia
 J - 3 potions of mutation
 M - a potion of lignification {unknown}
 O - 2 potions of brilliance
Miscellaneous
 l - a phial of floods
   (You found it in a Gauntlet)
 S - a lightning rod (4/4)
   (You found it on level 5 of the Lair of Beasts)
 W - a phantom mirror
   (You found it on level 5 of the Lair of Beasts)
 X - a sack of spiders
   (You found it in a Gauntlet)


   Skills:
 - Level 12.0 Fighting
 - Level 2.0(8.8) Polearms
 + Level 13.3(13.4) Staves
 - Level 4.0 Armour
 - Level 12.0 Dodging
 - Level 0.8 Stealth
 - Level 1.0 Spellcasting
 - Level 8.0 Summonings
 + Level 9.1 Evocations


You had 12 spell levels left.
You knew the following spells:

 Your Spells              Type           Power      Damage    Failure   Level
a - Call Canine Familiar  Summ           28%        N/A       2%          3

Your spell library contained the following spells:

 Spells                   Type           Power      Damage    Failure   Level
 Summon Small Mammal      Summ           100%       N/A       1%          1
 Apportation              Tloc           0%         N/A       22%         1
 Necrotise                Necr           0%         1d4       22%         1
 Blink                    Tloc           0%         N/A       32%         2
 Sublimation of Blood     Necr           0%         N/A       32%         2
 Wereblood                Tmut           0%         N/A       32%         2
 Dazzling Flash           Conj/Hex       0%         N/A       54%         3
 Inner Flame              Hex/Fire       0%         N/A       54%         3
 Sigil of Binding         Hex            0%         N/A       54%         3
 Volatile Blastmotes      Fire/Tloc      0%         2d10      54%         3
 Dimensional Bullseye     Hex/Tloc       0%         N/A       91%         4
 Fulminant Prism          Conj/Hex       0%         3d5       91%         4
 Iskenderun's Mystic Bla  Conj/Tloc      0%         2d3       91%         4
 Leda's Liquefaction      Hex/Erth       0%         N/A       91%         4
 Manifold Assault         Tloc           0%         N/A       91%         4
 Vhi's Electric Charge    Tloc/Air       0%         N/A       91%         4
 Arcjolt                  Conj/Air       0%         1d10      99%         5
 Irradiate                Conj/Tmut      0%         3d11      99%         5
 Yara's Violent Unravell  Hex/Tmut       0%         3d3       99%         5
 Plasma Beam              Fire/Air       0%         2x1d10    100%        6
 Starburst                Conj/Fire      0%         6d3       100%        6
 Enfeeble                 Hex            0%         N/A       100%        7
 Summon Hydra             Summ           14%        N/A       100%        7
 Maxwell's Capacitive Co  Air            0%         ∞         100%        8
 Chain Lightning          Conj/Air       0%         N/A       100%        9
 Fire Storm               Conj/Fire      0%         5d1       100%        9
 Shatter                  Erth           0%         3d5*      100%        9


Dungeon Overview and Level Annotations

Branches:
Dungeon (15/15) Zot: 26984  Temple (0/1) D:6            Lair (5/5) D:11 Zot: 23790
  Swamp (0/4) Lair:3       Spider (0/4) Lair:2        Slime (0/5) Lair:5
    Orc (0/2) D:12         Vaults (0/5) D:14        Gauntlet (visited)
 Depths: D:15

Shops:
D:5 [   D:9 [   D:12 [

Portals:
Trove: D:10 (give +6 fire dragon scales)

Annotations:
D:1 1 transporter
D:8 exclusion: door
Lair:3 3 runed translucent doors, Vuwiesed's ghost, journeyman DsSh


Innate Abilities, Weirdness & Mutations

You have an increased reservoir of magic. (+10% MP)
You shall have no god before yourself.
Your divine heritage dramatically boosts your attributes as you level up.


Message History

Key pressed, stopping explore.
Unknown command.
As you open the door, it creaks loudly!
There is an open door here.
There is an open door here.
You see here a +0 orcbow.
You reach down and open the door.
There is an open door here.
Key pressed, stopping explore.
There is a stone staircase leading down here.
Key pressed, stopping explore.
Unknown command.
You now have 1795 gold pieces (gained 15).
Found an escape hatch in the floor.
There is an escape hatch in the floor here.
You reach down and open the door.
There is an open door here.
Done exploring.
Done exploring.
Unknown command.
Done exploring.
Done exploring.
As you read the scroll of identify, it crumbles to dust.
Y - a scroll of summoning Done exploring.
Done exploring.
There is an escape hatch in the ceiling here.
There is a stone staircase leading down here.
You fly downwards.
Found a fuming cyan potion.
There is a stone staircase leading up here.
There are monsters nearby!
Unknown command.
Casting: Call Canine Familiar (mildly dangerous; 2% risk of failure)
Confirm with . or Enter, or press ? or * to list all spells.
Unknown command.
The tengu conjurer shouts!
The tengu warrior shouts!
You hear a shout!
You swap places.
The tengu warrior barely misses your hound.
The tengu warrior pecks your hound.
The tengu warrior completely misses your hound.
Your hound misses the tengu conjurer.
The tengu conjurer casts a spell at you.
The bolt of lightning hits you!!
You hear a shout!
You hear two shouts! x2; You hear a bark!
You hear a shout!
You hear two shouts!
You hear a shout! x8; You hear two shouts!
You miss the tengu conjurer. You barely miss the tengu conjurer.
Your hound closely misses the tengu conjurer.
A two-headed ogre comes into view.
It is wielding two +0 giant spiked clubs.
The tengu conjurer hits you.
The tengu conjurer completely misses you.
The tengu conjurer claws you but does no damage.
You slice the tengu conjurer!!
The tengu conjurer is almost dead.
Your hound barely misses the tengu conjurer.
The tengu warrior closely misses your hound.
The tengu warrior pecks your hound!
The tengu warrior closely misses your hound.
You slash the tengu conjurer!
You kill the tengu conjurer!
Your hound barely misses the tengu warrior.
A two-headed ogre comes into view.
It is wielding two +0 giant spiked clubs.
An ogre mage comes into view. It is wielding a +0 spear.
The ogre mage shouts!
Your hound misses the tengu warrior.
The tengu warrior hits your hound with a +1 heavy great sword!
Your hound dies!
Your hound's corpse disappears in a puff of smoke!
The ogre mage gestures at something while chanting.
A two-headed ogre comes into view.
It is wielding a +0 giant spiked club and a +0 giant club.
The two-headed ogre shouts in stereo!
The ogre mage mumbles some strange words.
The ogre mage flickers and vanishes!
Deactivating autopickup; reactivate with Ctrl-A.
A meliai comes into view.
An ogre comes into view. It is wielding a +0 giant club.
There is a stone staircase leading up here.
You suddenly lose the ability to move!
You stop ascending the stairs.
The two-headed ogre hits you with a +0 giant spiked club! x2
The two-headed ogre hits you with a +0 giant spiked club!
The two-headed ogre hits you with a +0 giant club.
The tengu warrior slips past you!
The tengu warrior hits you with a +1 heavy great sword!
The tengu warrior pecks you but does no damage.
The tengu warrior claws you but does no damage.
The meliai hits you but does no damage.
The meliai stings you but does no damage.
An ogre comes into view. It is wielding a +0 giant club.
The meliai hits you but does no damage. The meliai stings you!
The two-headed ogre barely misses you.
The two-headed ogre hits you with a +0 giant club!!
The meliai hits you but does no damage.
The meliai stings you but does no damage.
The two-headed ogre hits you with a +0 giant spiked club!
* * * LOW HITPOINT WARNING * * *
The two-headed ogre hits you with a +0 giant spiked club!
* * * LOW HITPOINT WARNING * * *
The tengu warrior hits you with a +1 heavy great sword!!
You die...

##...### ##
#......# .
##..##......#...
#...#.......O...
..........{....#
#.......##...#.
#..Q.O........
#..@OO.O....
##..y......#
#..........#..
##............
##.......!...
........†......
................
##..............
#..............


You could see a tengu warrior, 3 two-headed ogres, 2 ogres and a meliai.

Vanquished Creatures
  Gastronok (D:12)
  A dire elephant (Lair:5)
  A fire dragon (D:14)
  5 hydras
  4 boulder beetles
  3 catoblepae
  2 centaur warriors
  7 death yaks
  A deep troll shaman (Lair:5)
  5 skeletal warriors
  A lindwurm (Lair:5)
  6 ugly things (D:14)
  2 deep elf pyromancers (D:14)
  5 cyclopes
  14 elephants
  3 slime creatures (D:13)
  A torpor snail (Lair:3)
  A gargoyle (D:12)
  2 black mambas
  An unseen horror (D:11)
  11 cane toads
  5 komodo dragons
  An unseen horror (shapeshifter) (D:14)
  A rime drake (Lair:5)
  An efreet (D:13)
  A tengu conjurer (D:15)
  A hornet (D:9)
  5 polar bears
  3 trolls
  A tarantella (shapeshifter) (D:14)
  13 blink frogs
  2 large abominations (Gauntlet)
  16 dream sheep
  A vampire (D:9)
  A culicivora (Lair:2)
  63 yaks
  4 wyverns
  A wraith (D:11)
  A redback (Lair:2)
  3 steam dragons
  Menkaure (D:6)
  3 wargs (D:11)
  5 vampire mosquitoes
  3 swamp worms (Lair:3)
  4 acid dragons
  Duvessa (D:7)
  12 water moccasins
  2 sky beasts
  4 orc warriors
  An ice beast (D:7)
  A black bear (Lair:5)
  21 wolves
  3 ogres
  3 centaurs
  A kobold brigand (D:9)
  4 small abominations (Gauntlet)
  17 bullfrogs
  2 gnoll sergeants
  3 scorpions
  6 wights (D:9)
  Dowan (D:7)
  5 killer bees (D:10)
  2 howler monkeys
  2 jellies
  2 gnoll boudas
  An orc priest (D:6)
  2 iguanas
  11 orc wizards
  14 gnolls
  9 adders
  3 shadow imps (Gauntlet)
  3 white imps
  2 ufetubi (D:5)
  A worm (D:3)
  7 dart slugs
  44 orcs
  5 ball pythons
  6 endoplasms
  4 giant cockroaches
  6 goblins
  6 hobgoblins
  5 jackals
  5 quokkas
  2 bats
  2 frilled lizards (D:3)
  7 kobolds
  6 rats
461 creatures vanquished.

Vanquished Creatures (collateral kills)
  A hydra (Lair:3)
  A centaur warrior (D:13)
  2 two-headed ogres
  A manticore (D:14)
  An eye of devastation (shapeshifter) (D:14)
  A torpor snail (Lair:5)
  2 cane toads
  A wind drake (shapeshifter) (D:14)
  A slime creature (D:13)
  8 yaks
  A basilisk (Lair:3)
  A basilisk (shapeshifter) (D:13)
  A steam dragon (D:9)
  A water moccasin (Lair:1)
  A bullfrog (Lair:1)
  An orc wizard (D:9)
  A gnoll (D:10)
  2 orcs (D:9)
28 creatures vanquished.

Vanquished Creatures (others)
  A water moccasin (D:7)
  A small abomination (Gauntlet)
  A kobold (D:9)
3 creatures vanquished.

Grand Total: 492 creatures vanquished

Notes
Turn   | Place    | Note
-------+----------+-------------------------------------------
     0 | D:1      | Flugkiller the Demigod Artificer began the quest for the
                  | Orb.
     0 | D:1      | Reached XP level 1. HP: 15/15 MP: 3/3
    67 | D:1      | Reached skill level 1 in Fighting
   123 | D:1      | Reached XP level 2. HP: 24/24 MP: 4/4
   449 | D:1      | Identified a scroll of acquirement
   451 | D:1      | Acquired 841 gold pieces
   521 | D:1      | Reached XP level 3. HP: 20/29 MP: 5/5
   843 | D:2      | Reached skill level 1 in Dodging
  1699 | D:2      | Reached XP level 4. HP: 37/37 MP: 6/6
  2941 | D:4      | Reached XP level 5. HP: 39/45 MP: 7/7
  3256 | D:4      | Identified the +2 ring mail "Hodux" {rCorr}
  3303 | D:5      | Entered Level 5 of the Dungeon
  3437 | D:5      | Found Egar's Antique Armour Shoppe.
  3444 | D:5      | Bought a helmet for 108 gold pieces
  3521 | D:5      | Noticed an ogre
  3540 | D:5      | Killed an ogre
  3541 | D:5      | Reached XP level 6. HP: 32/51 MP: 8/8
  3933 | D:5      | Reached skill level 5 in Dodging
  4504 | D:6      | Noticed Menkaure
  4534 | D:6      | Reached XP level 7. HP: 48/57 MP: 9/9
  5031 | D:6      | Killed Menkaure
  5032 | D:6      | Reached skill level 5 in Fighting
  5196 | D:6      | Found a staircase to the Ecumenical Temple.
  5424 | D:7      | Reached XP level 8. HP: 68/68 MP: 10/10
  5582 | D:7      | Noticed Duvessa
  5582 | D:7      | Noticed Dowan
  5598 | D:7      | Killed Duvessa
  5729 | D:7      | Killed Dowan
  5747 | D:7      | Noticed a profane servitor
  5859 | D:7      | Reached skill level 5 in Evocations
  6361 | D:7      | Noticed an angel
  6979 | D:8      | Reached XP level 9. HP: 75/75 MP: 11/11
  7127 | D:8      | Reached skill level 1 in Spellcasting
  7226 | D:8      | Learned a level 3 spell: Call Canine Familiar
  7519 | D:9      | Reached skill level 1 in Summonings
  7647 | D:9      | Noticed a two-headed ogre
  8053 | D:9      | Reached skill level 5 in Summonings
  8247 | D:9      | Found Nahu Vats's Armour Boutique.
  8715 | D:9      | Killed a two-headed ogre
  8844 | D:10     | Entered Level 10 of the Dungeon
  8859 | D:10     | Found a portal to a secret trove of treasure.
  9005 | D:9      | Reached XP level 10. HP: 83/83 MP: 2/14
  9159 | D:9      | Reached skill level 1 in Polearms
  9382 | D:10     | Noticed a seven-headed hydra
  9396 | D:10     | Killed a seven-headed hydra
  9676 | D:10     | Reached skill level 1 in Staves
  9678 | D:10     | Reached skill level 2 in Staves
 10314 | D:11     | Found a staircase to the Lair.
 10320 | D:11     | Noticed a cyclops
 10370 | D:11     | Killed a cyclops
 10371 | D:11     | Reached skill level 3 in Staves
 10755 | D:11     | Reached skill level 4 in Staves
 11491 | Lair:1   | Entered Level 1 of the Lair of Beasts
 11503 | Lair:1   | Noticed a black mamba
 11510 | Lair:1   | Reached XP level 11. HP: 94/94 MP: 11/15
 11520 | Lair:1   | Reached skill level 5 in Staves
 11852 | Lair:1   | Reached skill level 6 in Staves
 12101 | Lair:1   | Reached skill level 7 in Staves
 12156 | Lair:1   | Identified the +6 falchion of Dust {elec, Will- Str+5
                  | Int+2}
 12303 | Lair:1   | Reached skill level 8 in Staves
 12455 | Lair:1   | Noticed a catoblepas
 12475 | Lair:1   | Killed a catoblepas
 13057 | Lair:2   | Found a gate leading to a gauntlet.
 13066 | Gauntlet | Entered a Gauntlet
 13066 | Gauntlet | Found a transporter.
 13066 | Gauntlet | Found a transporter.
 13070 | Gauntlet | Found a transporter.
 13070 | Gauntlet | Found a transporter.
 13082 | Gauntlet | Found a transporter.
 13089 | Gauntlet | Found a transporter.
 13089 | Gauntlet | Noticed a blizzard demon
 13095 | Gauntlet | Noticed an entropy weaver
 13097 | Gauntlet | Found the amulet of Vitality {RegenMP++ Regen++}
 13099 | Gauntlet | Found a transporter.
 13099 | Gauntlet | Found a transporter.
 13103 | Gauntlet | Found a transporter.
 13112 | Gauntlet | Noticed a reaper
 13130 | Gauntlet | Found a transporter.
 13137 | Gauntlet | Found a transporter.
 13155 | Gauntlet | Found a transporter.
 13155 | Gauntlet | Noticed a wizard
 13201 | Gauntlet | Found a transporter.
 13219 | Gauntlet | Found a transporter.
 13318 | Gauntlet | Found a transporter.
 13332 | Gauntlet | Found a transporter.
 13535 | Gauntlet | Identified the ring "Myngiv" {rF+ rN+}
 13715 | Gauntlet | Identified the ring "Uthit" {rN+ MP+9 Int+4 Stlth-}
 13760 | Gauntlet | Noticed a minotaur
 13838 | Lair:2   | Reached XP level 12. HP: 103/103 MP: 16/16
 13904 | Lair:2   | Reached skill level 9 in Staves
 14184 | Lair:2   | You are sucked into a shaft and drop 1 floor!
 14302 | Lair:3   | Found a runed translucent gate.
 14302 | Lair:3   | Noticed a boulder beetle
 14303 | Lair:3   | Found a runed translucent gate.
 14303 | Lair:3   | Found a runed translucent gate.
 14312 | Lair:3   | Noticed a minotaur
 14398 | Lair:3   | Noticed a boulder beetle
 14432 | Lair:3   | Killed a boulder beetle
 14445 | Lair:3   | Noticed a boulder beetle
 14494 | Lair:3   | Killed a boulder beetle
 14579 | Lair:3   | Reached skill level 10 in Fighting
 14608 | Lair:3   | Reached skill level 10 in Dodging
 14610 | Lair:3   | Noticed a seven-headed hydra
 14849 | Lair:2   | Found a hole to the Spider Nest.
 15136 | Lair:2   | Reached skill level 10 in Staves
 15225 | Lair:3   | Noticed Vuwiesed's ghost (journeyman DsSh)
 15321 | Lair:3   | Noticed a five-headed hydra
 15321 | Lair:3   | Noticed an eight-headed hydra
 15535 | Lair:3   | Killed a seven-headed hydra
 15737 | Lair:3   | Found a staircase to the Swamp.
 15799 | Lair:3   | Killed an eight-headed hydra
 15843 | Lair:3   | Killed a five-headed hydra
 15881 | Lair:3   | Reached XP level 13. HP: 104/114 MP: 17/17
 16516 | Lair:4   | Reached skill level 11 in Staves
 16860 | Lair:5   | Entered Level 5 of the Lair of Beasts
 17935 | Lair:5   | Found a staircase to the Slime Pits.
 18105 | Lair:5   | Identified the +0 leather armour of Wu Jian's Outrage
                  | {Str+3 Int+6}
 18585 | Lair:5   | Reached skill level 12 in Staves
 18669 | Lair:5   | Noticed a dire elephant
 18689 | Lair:5   | Killed a dire elephant
 18920 | D:11     | Reached XP level 14. HP: 111/126 MP: 19/19
 18939 | D:12     | Found a staircase to the Orcish Mines.
 18939 | D:12     | Found Macysit's Armour Emporium.
 18967 | D:12     | Bought a +1 cloak of preservation for 165 gold pieces
 18997 | D:12     | Noticed Gastronok
 19014 | D:12     | Killed Gastronok
 20102 | D:14     | Found a gate to the Vaults.
 20124 | D:14     | Reached skill level 13 in Staves
 20941 | D:15     | Entered Level 15 of the Dungeon
 20955 | D:15     | Paralysed by something for 5 turns
 20958 | D:15     | Mangled by a tengu warrior

Illustrated notes

Levels and vault maps discovered:
D:1:      spicycebolla_arrival_transporter_tutorial, layout_basic
D:2:      layout_loops_corners
D:3:      layout_loops_corners, shapermc_ecumenical_altar_flowoftime
D:4:      layout_rooms
D:5:      layout_basic, serial_shops, kennysheep_little_box
D:6:      layout_rooms, mainiacjoe_overflow_alcove_2, general_overflow_altar,
          minmay_temple_entry_nine_rooms, chequers_serial_rivers_micro_a,
          uniq_menkaure
D:7:      layout_rooms, grunt_temple_overflow_holy_war, bloody_makhleb,
          uniq_duvessa
D:8:      layout_basic, tgw_sif, serial_rivers, chequers_serial_rivers_room_b,
          chequers_serial_rivers_room_a, chequers_serial_rivers_micro_a,
          chequers_serial_rivers_small_3, chequers_serial_rivers_large_a
D:9:      layout_gridville, nzn_wu_jian_contemplation,
          nicolae_overflow_hidden_temple, serial_shops, nicolae_diamond_shop
D:10:     layout_irregular_city, nicolae_ru_path_of_blood,
          nicolae_trove_entry_free_sample, patterned_corridor
D:11:     layout_basic, erik_lair_orcish_takeover
D:12:     layout_cave_pools, orc_david_3, chequers_serial_rivers_small_b,
          grunt_ministairs_15, uniq_gastronok
D:13:     layout_rooms
D:14:     layout_irregular_city, david_vaults_2, solitary_fountain
D:15:     hangedman_depths_entry_civil_slaughter, layout_cave_pools,
          nemelex_lonely_heart_becter
Lair:1:   layout_layer_cave, st_stairs_8, beast_lair_carwin_4,
          grunt_megastairs_5, serial_bayou_shore_b
Lair:2:   layout_gridlike, spider_nest_entry_funnel_web, gauntlet_entry_generic,
          grunt_megastairs_3
Lair:3:   layout_gridlike, palyth_hydra_swamp_entry,
          maelrawn_ghost_gauntlet_escape, infiniplex_staircase_pool_2
Lair:4:   layout_misc_corridors, nzn_sisyphean_effort
Lair:5:   grunt_lair_end_beastmaster, layout_long_grid, slime_entry_1,
          grunt_megastairs_4, lemuel_fruit_fields

Skill      XL: |  1  2  3  4  5  6  7  8  9 10 11 12 13 14 |
---------------+-------------------------------------------+-----
Fighting       | 1 2 3 5 6 8 10 12 | 12.0
Evocations     | 3 4 5 6 7 9 |  9.1
Dodging        | 1 2 4 5 6 7 8 10 12 | 12.0
Armour         | 2 4 |  4.0
Spellcasting   | 1 |  1.0
Summonings     | 6 8 |  8.0
Polearms       | 2 |  2.0
Staves         | 4 8 10 12 13 | 13.3
Stealth        | |  0.8

Action                     |  1- 3 |  4- 6 |  7- 9 | 10-12 | 13-15 || total
---------------------------+-------+-------+-------+-------+-------++-------
  Melee: Club              |     3 |       |       |       |       ||     3
         Dagger            |   103 |    52 |    15 |       |       ||   170
         Punch             |     1 |     2 |     9 |     2 |     2 ||    16
         Spear             |       |   150 |   376 |   117 |    16 ||   659
         Lajatang          |       |       |       |   690 |   786 ||  1476
   Fire: Orcbow            |       |       |    95 |       |       ||    95
   Cast: Call Canine Famil |       |       |    27 |    91 |    67 ||   185
  Evoke: Wand              |     5 |     4 |    19 |     5 |       ||    33
         Sack of spiders   |       |       |       |       |     1 ||     1
    Use: Scroll            |     4 |     5 |     4 |    17 |     6 ||    36
         Potion            |       |     1 |     2 |     9 |       ||    12
   Stab: Distracted        |     1 |       |     1 |    14 |    14 ||    30
         Sleeping          |       |    11 |       |     2 |       ||    13
 Armour: Leather armour    |    46 |    27 |       |       |       ||    73
         Ring mail         |       |    54 |   154 |       |       ||   208
         Steam dragon scal |       |       |    54 |   350 |   396 ||   800
         Troll leather arm |       |       |       |    12 |       ||    12
  Dodge: Dodged            |    44 |    80 |   275 |   524 |   514 ||  1437
  Block: Other             |    11 |    35 |    81 |    65 |       ||   192
         Reflection        |       |     1 |     3 |       |       ||     4

Table legend: (Time is in decaauts)
 A = Elapsed time spent in this place.
 B = Non-inter-level travel time spent in this place.
 C = Inter-level travel time spent in this place.
 D = Time resting spent in this place.
 E = Time spent auto-exploring this place.
 F = Levels seen in this place.
 G = Mean time per level.
                   A        B        C        D        E       F      G
               +--------+--------+--------+--------+--------+-----+--------+
         Total |  20484 |  19502 |    982 |   2751 |  10690 |  21 |  975.4 |
       Dungeon |  13566 |  12988 |    578 |   2063 |   6971 |  15 |  904.4 |
          Lair |   6209 |   5806 |    403 |    517 |   3445 |   5 | 1241.8 |
      Gauntlet |    708 |    708 |      0 |    171 |    274 |   1 |  708.0 |
               +--------+--------+--------+--------+--------+-----+--------+

Top non-repeatable levels by time:
     D:9: 1813 daAuts
  Lair:4: 1446 daAuts
  Lair:1: 1396 daAuts
    D:11: 1214 daAuts
  Lair:3: 1162 daAuts
     D:7: 1123 daAuts
  Lair:2: 1106 daAuts
  Lair:5: 1097 daAuts
     D:5: 1081 daAuts
     D:8: 1068 daAuts
     D:3: 1035 daAuts
    D:10: 1026 daAuts
     D:6: 982 daAuts
     D:2: 976 daAuts
     D:1: 829 daAuts
